 Dungeon Crawl Stone Soup version 0.29.1-1-gd02db6906a (webtiles) character file.

Game seed: 9509010653896186776

18 dave1331 the Trooper (level 2, -2/27 HPs)
             Began as a Hill Orc Fighter on Oct 2, 2022.
             Slain by a quokka (3 damage)
             ... on level 1 of the Dungeon.
             The game lasted 00:00:57 (385 turns).

dave1331 the Trooper (Hill Orc Fighter)              Turns: 385, Time: 00:00:57

Health: -2/27      AC:  6    Str: 18    XL:     2   Next: 70%
Magic:  2/2        EV:  9    Int:  8    God:
Gold:   7          SH:  4    Dex: 10    Spells: 1/1 levels left

rFire   . . .      SeeInvis .   a - +0 trident
rCold   . . .      Faith    .   c - +0 buckler
rNeg    . . .      Spirit   .   b - +0 scale mail
rPois   .          Reflect  .   (no helmet)
rElec   .          Harm     .   (no cloak)
rCorr   .          Rampage  .   (no gloves)
Will    .....                   (no boots)
Stlth   ..........              (no amulet)
HPRegen 0.09/turn               (no ring)
MPRegen 0.08/turn               (no ring)

@: no status effects
A: no striking features
a: no special abilities


You were on level 1 of the Dungeon.
You visited 1 branch of the dungeon, and saw 1 of its levels.

You collected 7 gold pieces.

Inventory:

Hand Weapons
 a - a +0 trident (weapon)
Armour
 b - a +0 scale mail (worn)
 c - a +0 buckler (worn)
Jewellery
 e - a +4 ring of protection
Scrolls
 f - 3 scrolls of identify {unknown}
Potions
 d - a potion of might


   Skills:
 + Level 3.8 Fighting
 + Level 2.5 Polearms
 + Level 3.6 Armour
 + Level 0.4 Dodging
 + Level 3.3 Shields


You had one spell level left.
You didn't know any spells.
Your spell library was empty.

Dungeon Overview and Level Annotations

Branches:
Dungeon (1/15)

Altars:


Message History

You hit the frilled lizard.
You kill the frilled lizard!
You block the quokka's attack. The hobgoblin closely misses you.
The quokka closely misses you.
You hit the dart slug.
The dart slug is moderately wounded.
The hobgoblin closely misses you. The quokka misses you.
The dart slug bites you but does no damage.
The hobgoblin hits you but does no damage.
You puncture the dart slug!
You kill the dart slug!
The quokka closely misses you.
The quokka bites you but does no damage.
The hobgoblin hits you but does no damage.
The quokka completely misses you. The hobgoblin closely misses you.
You see here a frilled lizard corpse.
You block the quokka's attack.
The hobgoblin hits you but does no damage.
The quokka attacks as you move away! The quokka completely misses you.
The hobgoblin attacks as you move away! The hobgoblin hits you.
* * * LOW HITPOINT WARNING * * *
The quokka bites you but does no damage.
The hobgoblin attacks as you move away!
The hobgoblin hits you but does no damage.
The quokka bites you but does no damage.
The quokka bites you.
* * * LOW HITPOINT WARNING * * *
The quokka attacks as you move away! You block the quokka's attack.
You hit the quokka.
The quokka is moderately wounded.
The quokka bites you but does no damage.
You block the hobgoblin's attack. You block the quokka's attack.
You closely miss the quokka.
The quokka is moderately wounded.
The hobgoblin barely misses you. The quokka bites you.
* * * LOW HITPOINT WARNING * * *
You barely miss the quokka.
The quokka is moderately wounded.
The quokka bites you.
You die...

##+###†###'###'##..)#.#...
#...............#.........
#......##.......'...#.#..#
#P..............#.......##
##+###'###'###+##..#....#.
#..P#P.P# ####...... ..
#...#...# #.##...
#.####################.##...
##........r@................
#.........g...........).....
####................#.......
##.........##.#####......
###.........>............
####........................
...........(................
.......†..........#.#.#.....
.#.###.$.##.................


You could see a quokka and a hobgoblin.

Vanquished Creatures
  A dart slug (D:1)
  2 endoplasms (D:1)
  2 giant cockroaches (D:1)
  A bat (D:1)
  3 frilled lizards (D:1)
  3 goblins (D:1)
  2 kobolds (D:1)
  5 rats (D:1)
19 creatures vanquished.

Notes
Turn   | Place    | Note
-------+----------+-------------------------------------------
     0 | D:1      | dave1331 the Hill Orc Fighter began the quest for the Orb.
     0 | D:1      | Reached XP level 1. HP: 19/19 MP: 1/1
   184 | D:1      | Found a faded altar of an unknown god.
   217 | D:1      | Reached XP level 2. HP: 27/27 MP: 2/2
   379 | D:1      | HP: 1/27 [quokka (1)]
   384 | D:1      | HP: 1/27 [quokka (1)]
   385 | D:1      | Slain by a quokka

Illustrated notes

Levels and vault maps discovered:
D:1:      dpeg_arrival_prison, layout_rooms, basic_ecumenical_altar,
          serial_co_window_serial, co_window_of_opportunity_a,
          co_window_of_opportunity_a, co_window_paths_b,
          co_window_of_opportunity_a, co_window_corner_a, co_window_broadway_a,
          co_window_2corner, co_window_unsneaky_path_e, co_window_2corner,
          co_window_2corner, glass_columns_a, glass_columns_b, glass_columns_a,
          glass_columns_c, glass_columns_b

Action                   || total
-------------------------++-------
Melee: Trident           ||    64
Armor: Scale mail        ||    64
Dodge: Dodged            ||    59
Block: Buckler           ||    30
